 Dungeon Crawl Stone Soup version 0.30-a0-305-g026cb31310 (webtiles) character file.

Game seed: 4017226617380373583

415 tilp the Grave Robber (level 6, -1/46 HPs)
             Began as a Mummy Necromancer on Oct 21, 2022.
             Killed from afar by a hobgoblin (12 damage)
             ... with a puff of flame
             ... on level 5 of the Dungeon.
             The game lasted 00:07:27 (4468 turns).

tilp the Grave Robber (Mummy Necromancer)           Turns: 4468, Time: 00:07:28

Health: -1/46      AC:  4    Str: 17    XL:     6   Next: 60%
Magic:  18/20      EV: 12    Int: 17    God:
Gold:   135        SH:  0    Dex: 12    Spells: 3/11 levels left

rFire   x . .      SeeInvis .    a - +3 dagger
rCold   + . .      Faith    +    (no shield)
rNeg    + + +      Spirit   .    c - +0 robe
rPois   ∞          Reflect  .    (no helmet)
rElec   .          Harm     .    p - +0 cloak
rCorr   .          Rampage  .    q - +0 pair of gloves
Will    .....                    (no boots)
Stlth   ++........               (no amulet)
HPRegen 0.27/turn                i - +6 ring of strength
MPRegen 0.17/turn                r - ring of magical power

@: no status effects
A: cold resistance 1, negative energy resistance 3, torment resistance 2, heat
vulnerability 1, in touch with death 1, no potions, faith
a: no special abilities


You were on level 5 of the Dungeon.
You visited 1 branch of the dungeon, and saw 5 of its levels.

You collected 135 gold pieces.

Inventory:

Hand Weapons
 a - a +3 dagger (weapon)
 b - a +1 spear
Missiles
 h - 5 boomerangs (quivered)
 k - 8 poisoned darts
 v - 3 javelins
 x - a throwing net
Armour
 c - a +0 robe (worn)
 p - a +0 cloak (worn)
 q - a +0 pair of gloves (worn)
Jewellery
 d - a ring of wizardry
 f - a ring of ice
 i - a +6 ring of strength (left hand)
 o - a ring of wizardry
 r - a ring of magical power (right hand)
Scrolls
 e - a scroll of enchant weapon
 g - a scroll of immolation
 j - a scroll of silence
 l - a scroll of blinking {unknown}
 m - a scroll of acquirement {unknown}
 n - 3 scrolls of teleportation
 s - a scroll of vulnerability {unknown}
 t - a scroll of fear {unknown}
 u - a scroll of torment {unknown}
 w - a scroll of brand weapon {unknown}


   Skills:
 + Level 2.4 Fighting
 + Level 2.2 Dodging
 * Level 2.8 Stealth
 + Level 3.4 Spellcasting
 * Level 6.3 Necromancy


You had 3 spell levels left.
You knew the following spells:

 Your Spells              Type           Power      Damage    Failure   Level
a - Necrotise             Necr           100%       1d9       1%          1
b - Vampiric Draining     Necr           36%        2d8       3%          3
c - Animate Dead          Necr           36%        N/A       12%         4

Your spell library contained the following spells:

 Spells                   Type           Power      Damage    Failure   Level
 Slow                     Hex            8%         N/A       17%         1
 Ozocubu's Armour         Ice            2%         N/A       45%         3
 Vhi's Electric Charge    Tloc/Air       4%         N/A       45%         3
 Agony                    Necr           36%        N/A       32%         5
 Fulminant Prism          Conj/Hex       1%         3d6       86%         4
 Arcjolt                  Conj/Air       1%         1d11      99%         5
 Maxwell's Capacitive Co  Air            1%         ∞         100%        8


Dungeon Overview and Level Annotations

Branches:
Dungeon (5/15)
 Temple: D:4-7

Altars:
Fedhas
Gozag
Nemelex Xobeh
Trog
Vehumet

Shops:
D:1 !   D:5 :

Annotations:
D:5 Grinder


Innate Abilities, Weirdness & Mutations

You are immune to poison.
Your flesh is cold resistant. (rC+)
You are immune to negative energy. (rN+++)
You are immune to unholy pain and torment.
You are vulnerable to heat. (rF-)
You are in touch with the powers of death.
You do not drink.
You have a special connection with the divine. (Faith)


Message History

You hit the orc.
You kill the orc!
No target in view!
w - a scroll labelled HIELAOSTRAV
There is an open door here.
Items here: )) [[ ††.
Things that are here:
a +0 giant club; an ogre corpse
There is an open door here.
You now have 135 gold pieces (gained 5).
Things that are here:
a +0 short sword; a +0 chain mail; a golden potion
x - a throwing net
Found a radiant altar of Vehumet.
A hobgoblin comes into view. It is carrying a wand of flame (24).
A hobgoblin is nearby!
The hobgoblin shouts!
The hobgoblin zaps a wand.
The puff of flame hits you!! The fire burns you terribly!
You are too injured to fight recklessly!
You are too injured to fight recklessly!
You are too injured to fight recklessly!
Casting: Necrotise (safe; 1% risk of failure)
Confirm with . or Enter, or press ? or * to list all spells.
Aiming: Necrotise (safe; 1% risk of failure)
Press: ? - help, Shift-Dir - straight line, f - hobgoblin
Aim: a hobgoblin, carrying a wand of flame (23) (chance to affect: 93%)
You feel a surge of power!
The hobgoblin writhes in agony.
The hobgoblin zaps a wand.
The puff of flame hits you! The fire burns you terribly!
* * * LOW HITPOINT WARNING * * *
Casting: Necrotise (safe; 1% risk of failure)
Confirm with . or Enter, or press ? or * to list all spells.
Aiming: Necrotise (safe; 1% risk of failure)
Press: ? - help, Shift-Dir - straight line, f/p - hobgoblin
Aim: a hobgoblin, carrying a wand of flame (22) (moderately wounded, chance to affect: 93%)
You feel a surge of power!
The hobgoblin writhes in agony.
The hobgoblin zaps a wand.
The puff of flame hits you! The fire burns you terribly!
You die...

..# #.# ####.#######
#..........#
###..#...#...#
..#...........
#.#..#.#._.#..
#.#...@.g.....
#.#.##...#.... ###
#.#.##........
..#########.............
..'..)..................
..#########.............
..# #.........##+#
..#### #.........#
...... ..........#


You could see a hobgoblin.

Vanquished Creatures
  An ogre (D:5)
  A scorpion (D:5)
  A jelly (D:4)
  A hound (D:5)
  An iguana (D:4)
  2 orc wizards
  5 adders
  A worm (D:3)
  2 dart slugs
  9 orcs
  5 bats
  6 endoplasms
  5 giant cockroaches
  6 goblins
  8 hobgoblins
  4 jackals (D:4)
  6 kobolds
  4 quokkas
  10 ball pythons
  A frilled lizard (D:2)
  3 rats (D:3)
82 creatures vanquished.

Vanquished Creatures (collateral kills)
  2 orcs (D:2)
  A kobold (D:2)
3 creatures vanquished.

Grand Total: 85 creatures vanquished

Notes
Turn   | Place    | Note
-------+----------+-------------------------------------------
     0 | D:1      | tilp the Mummy Necromancer began the quest for the Orb.
     0 | D:1      | Reached XP level 1. HP: 13/13 MP: 4/4
    20 | D:1      | Found Fomaf's Distillery.
   277 | D:1      | Found a faded altar of an unknown god.
   446 | D:1      | Reached skill level 1 in Fighting
   446 | D:1      | Reached XP level 2. HP: 21/21 MP: 2/5
  1127 | D:2      | Gained mutation: You are in touch with the powers of death.
                  | [Mummy growth]
  1127 | D:2      | Reached XP level 3. HP: 26/26 MP: 0/7
  1131 | D:2      | Learned a level 3 spell: Vampiric Draining
  1357 | D:2      | Reached XP level 4. HP: 25/33 MP: 3/8
  1536 | D:2      | Reached skill level 5 in Necromancy
  1907 | D:2      | Got the Enchiridion on Chilling Ensorcelling
  2319 | D:3      | Found a sparkling altar of Nemelex Xobeh.
  2444 | D:3      | Reached XP level 5. HP: 38/38 MP: 6/9
  2551 | D:3      | Learned a level 4 spell: Animate Dead
  2796 | D:3      | Found a blossoming altar of Fedhas.
  2904 | D:3      | Found an opulent altar of Gozag.
  3487 | D:4      | Reached skill level 6 in Necromancy
  3549 | D:4      | Found a bloodstained altar of Trog.
  3981 | D:5      | Entered Level 5 of the Dungeon
  3981 | D:5      | Noticed Grinder
  4024 | D:5      | Found Nighisk's Tremendous Tomes.
  4090 | D:5      | Reached XP level 6. HP: 39/44 MP: 10/10
  4462 | D:5      | Found a radiant altar of Vehumet.
  4468 | D:5      | Killed from afar by a hobgoblin

Illustrated notes

Levels and vault maps discovered:
D:1:      doesnt_arrival_eight_statues, layout_basic,
          dilly_ecumenical_altar_fadedgnrine, serial_shops, shop, hex_medium
D:2:      layout_loops_ring, minmay_hexomino_c4
D:3:      layout_loops_ring, lemuel_doored_altar, mainiacjoe_overflow_boulevard,
          mainiacjoe_overflow_paths
D:4:      layout_basic, trog_three_pillars_becter
D:5:      layout_basic, vehumet_altar_wand_db, nicolae_shop_i_like_big_books,
          grunt_ministairs_3, uniq_duvessa, uniq_grinder, uniq_blork_the_orc

Skill      XL: |  1  2  3  4  5 |
---------------+----------------+-----
Fighting       | 1 2 |  2.4
Spellcasting   | 3 |  3.4
Dodging        | 2 |  2.2
Stealth        | 2 |  2.8
Necromancy     | 5 6 |  6.3

Action                   |  1- 3 |  4- 6 || total
-------------------------+-------+-------++-------
Melee: Spear             |    28 |    36 ||    64
       Punch             |     1 |     2 ||     3
       Dagger            |       |    53 ||    53
 Cast: Necrotise         |    45 |    66 ||   111
       Vampiric Draining |       |    16 ||    16
  Use: Scroll            |     3 |     2 ||     5
 Stab: Sleeping          |     1 |     1 ||     2
Armor: Robe              |     3 |    23 ||    26
Dodge: Dodged            |    22 |    51 ||    73

Table legend: (Time is in decaauts)
 A = Elapsed time spent in this place.
 B = Non-inter-level travel time spent in this place.
 C = Inter-level travel time spent in this place.
 D = Time resting spent in this place.
 E = Time spent auto-exploring this place.
 F = Levels seen in this place.
 G = Mean time per level.
                   A        B        C        D        E       F      G
               +--------+--------+--------+--------+--------+-----+--------+
         Total |   4470 |   4340 |    130 |     91 |   3598 |   5 |  894.0 |
       Dungeon |   4470 |   4340 |    130 |     91 |   3598 |   5 |  894.0 |
               +--------+--------+--------+--------+--------+-----+--------+

Top non-repeatable levels by time:
     D:3: 1097 daAuts
     D:1: 1059 daAuts
     D:2: 989 daAuts
     D:4: 869 daAuts
     D:5: 454 daAuts
